 Dungeon Crawl Stone Soup version 0.20-a0-792-g09bcfd3 (webtiles) character file.

44377 trey113 the Bludgeoner (level 13, -8/119 HPs)
             Began as a Minotaur Fighter on Jan 9, 2017.
             Was the Champion of Trog.
             Mangled by a hog (12 damage)
             ... led by Kirke
             ... on level 4 of the Lair of Beasts on Feb 28, 2017.
             The game lasted 01:13:20 (15592 turns).

trey113 the Bludgeoner (Minotaur Fighter)          Turns: 15592, Time: 01:13:23

Health: -8/119     AC:  0    Str: 28    XL:     13   Next: 95%
Magic:  12/12      EV: 13    Int:  5    God:    Trog [******]
Gold:   1977       SH:  5    Dex: 10    Spells: 12/12 levels left

rFire    . . .     SeeInvis .   (weapon currently unavailable)
rCold    . . .     Gourm    .   (armour currently unavailable)
rNeg     . . .     Faith    .   (shield currently unavailable)
rPois    .         Spirit   .   (helmet currently unavailable)
rElec    .         Reflect  +   (cloak currently unavailable)
rCorr    .         Harm     .   (gloves currently unavailable)
MR       .....     Clarity  +   (boots currently unavailable)
Stlth    +.........             n - +5 amulet of reflection
Regen    0.3/turn               (ring currently unavailable)
MPRegen  0.2/turn               (ring currently unavailable)

@: about to teleport, pig-form, very quick
A: (retaliatory headbutt), (horns 0), clarity, strong 1, MP-powered wands
a: Berserk, Trog's Hand, Brothers in Arms, Burn Spellbooks, Renounce Religion


You were on level 4 of the Lair of Beasts.
You worshipped Trog.
Trog was exalted by your worship.
You were near starving.
You were a filthy swine.
You visited 4 branches of the dungeon, and saw 18 of its levels.
You also visited: Bailey.

You collected 1977 gold pieces.

Inventory:

Hand Weapons
 a - a +3 mace of crushing
 d - the +9 dagger of Propriety {drain, *Rage rN+++ Str-5 Dex+9, unknown}
   (Trog gifted it to you on level 1 of the Lair of Beasts)

   A truly terrible weapon, it drains the life of those it strikes.
   It affects your strength (-5).
   It affects your dexterity (+9).
   It renders you almost immune to negative energy.
   It may make you go berserk in combat.
 q - a +4 mace
 y - a +2 flail of draining
 D - a +1 falchion of holy wrath
 F - a +5 morningstar of protection (melded)
 O - a +0 flail of holy wrath
Armour
 c - a +0 shield (melded)
 A - a +3 chain mail of poison resistance
 G - the +8 chain mail of the Gate (melded) {*Contam rElec Int+4 Stlth+}
   (You found it in a bailey)

   It affects your intelligence (+4).
   It insulates you from electricity.
   It causes magical contamination when unequipped.
   It makes you more stealthy.
Jewellery
 e - an uncursed ring of protection from cold
 f - a +3 ring of protection
 h - an uncursed ring of resist corrosion
 k - the ring "Piram" (melded) {+Fly Dex+2 Slay+3}
   (You found it on level 7 of the Dungeon)

   [ring of flight]

   It affects your dexterity (+2).
   It affects your accuracy and damage with ranged weapons and melee attacks
   (+3).
   It lets you fly.
 n - a +5 amulet of reflection (around neck)
 t - an uncursed ring of teleportation
 w - an uncursed ring of protection from fire
 z - an uncursed ring of flight
 C - a cursed amulet of inaccuracy {unknown}
 I - an uncursed ring of wizardry {unknown}
 K - a +5 ring of strength {unknown}
 Q - an uncursed ring of poison resistance {unknown}
 T - the ring of Daisies (melded) {rElec rPois rF+ rC+}
   (You found it on level 11 of the Dungeon)

   [ring of protection from fire]

   It protects you from fire.
   It protects you from cold.
   It insulates you from electricity.
   It protects you from poison.
Wands
 P - a wand of flame (20/48)
Scrolls
 b - a scroll of holy word {unknown}
 j - 6 scrolls of remove curse
 m - 8 scrolls of teleportation
 p - a scroll of identify
 s - 3 scrolls of recharging
 B - a scroll of fog
 J - 4 scrolls of immolation
 V - a scroll of magic mapping
Potions
 g - 3 potions of curing
 i - a potion of heal wounds
 x - a potion of ambrosia
 L - a potion of agility {unknown}
 S - a potion of brilliance
 X - 2 potions of flight
Miscellaneous
 r - a crystal ball of energy
 E - a phial of floods
 H - a crystal ball of energy
Comestibles
 l - 5 royal jellies
 o - 7 fruits
 u - 8 meat rations
 v - 4 bread rations


   Skills:
 + Level 12.5 Fighting
 + Level 17.0 Maces & Flails
 + Level 11.8 Armour
 + Level 15.7 Shields


You had 12 spell levels left.
You didn't know any spells.

Dungeon Overview and Level Annotations

Branches:
Dungeon (11/15)            Temple (0/1) D:7            Lair (4/6) D:11
  Snake (0/4) Lair:4          Orc (2/2) D:11            Elf (1/3) Orc:2
  Swamp: Lair:2-4    Shoals: Lair:2-4

Altars:
Ashenzari
Dithmenos
Elyvilon
Gozag
Hepliaklqana
Makhleb
Ru
Sif Muna
Trog
Vehumet
Xom
Yredelemnul
Zin
The Shining One

Shops:
D:7 }   Orc:2 }:[%

Portals:
Labyrinth: Lair:4

Annotations:
D:9 exclusion: statue
Lair:1 exclusion: 2 oklob plants
Lair:3 exclusion: oklob plant
Lair:4 Kirke
Orc:1 exclusion: oklob plant


Innate Abilities, Weirdness & Mutations

((You reflexively headbutt those who attack you in melee.))
((You have a pair of horns on your head.))
You possess an exceptional clarity of mind.
Your muscles are strong. (Str +2)
You expend magic power (3 MP) to strengthen your wands.


Message History

The harpy claws you! The harpy completely misses you. The hog bites you!
The harpy claws you! The harpy barely misses you. The hog barely misses you.
You block the hog's attack. The hog completely misses you.
The harpy screeches!
The hog misses you. The hog bites you!
You see here a scimitar.
As you read the scroll of teleportation, it crumbles to dust.
You feel strangely unstable. The harpy barely misses you. The harpy claws you.
The harpy closely misses you. The harpy claws you!
* * * LOW HITPOINT WARNING * * *
The harpy claws you!
* * * LOW HITPOINT WARNING * * *
The harpy claws you.
* * * LOW HITPOINT WARNING * * *
The harpy claws you.
* * * LOW HITPOINT WARNING * * *
The harpy claws you.
* * * LOW HITPOINT WARNING * * *
The hog bites you!
You die...

### #............ .P####
#............ .....# ###
##...........h
.....###.###.............
._...##P.#...........#..#
.........##...........#
.....................#
........#.....HhHH...#
...........<..@hh....#
h....h......h..h.#####
.................##
.#.............##.#
.............######
.............##
...........#..#
..#........####
.###.#####..#


You could see Kirke, 3 harpies and 4 hogs.

Vanquished Creatures
  Gastronok (D:9)
  Josephine (D:10)
  2 hydras
  The ghost of MetaCosm the Grappler, a novice TrBe of Trog (Lair:2)
  18 two-headed ogres
  4 ogre magi
  Urug (D:10)
  Nergalle (D:10)
  An orc knight (Orc:2)
  2 black mambas
  6 spiny frogs
  A rime drake (Lair:3)
  5 trolls
  Grinder (D:6)
  10 hippogriffs
  A water elemental (Orc:2)
  Eustachio (D:6)
  5 wraiths (D:10)
  A wyvern (D:9)
  23 yaks
  2 basilisks
  A hungry ghost (D:8)
  Menkaure (D:5)
  6 wargs
  Edmund (D:6)
  An acid dragon (D:11)
  5 nagas (Lair:4)
  8 water moccasins
  7 porcupines
  23 orc warriors
  4 ice beasts
  31 ogres
  A sky beast (D:6)
  6 centaurs (D:11)
  A phantom (D:4)
  15 crocodiles
  4 big kobolds
  14 bullfrogs
  2 scorpions
  3 wights (D:10)
  7 howler monkeys
  4 crimson imps
  2 bullfrog zombies
  5 hounds
  Crazy Yiuf (D:3)
  11 orc priests
  2 centaur skeletons
  20 orc wizards
  A gnoll shaman (D:9)
  3 iguanas (D:8)
  4 worker ants
  A hound zombie (D:6)
  A worker ant zombie (D:9)
  5 adders
  9 gnolls
  A howler monkey skeleton (D:11)
  An ooze (D:2)
  2 adder skeletons
  An adder zombie (D:5)
  4 worms
  2 dart slugs
  5 leopard geckos
  72 orcs
  7 giant cockroaches
  20 goblins
  10 hobgoblins
  11 jackals
  2 quokkas
  3 ball pythons
  7 bats
  6 frilled lizards (D:1)
  21 kobolds
  7 rats
480 creatures vanquished.

Vanquished Creatures (others)
  3 centaurs
  An orc (Orc:2)
  4 kobolds
  4 plants (Lair:1)
12 creatures vanquished.

Grand Total: 492 creatures vanquished

Notes
Turn   | Place    | Note
-------+----------+-------------------------------------------
     0 | D:1      | trey113 the Minotaur Fighter began the quest for the Orb.
     0 | D:1      | Reached XP level 1. HP: 19/19 MP: 0/0
    80 | D:1      | Reached XP level 2. HP: 21/27 MP: 1/1
   481 | D:1      | Reached skill level 3 in Maces & Flails
   706 | D:2      | Reached XP level 3. HP: 33/33 MP: 2/2
   707 | D:2      | Upgraded the game from 0.20-a0-454-g2b43fbb to 0.20-a0-464-g526fb3c
  1259 | D:2      | Found a bloodstained altar of Trog.
  1268 | D:2      | Became a worshipper of Trog the Wrathful
  1383 | D:3      | Found a shadowy altar of Dithmenos.
  1425 | D:3      | Reached XP level 4. HP: 40/40 MP: 3/3
  1433 | D:3      | Reached skill level 4 in Maces & Flails
  1492 | D:3      | Found a runed door.
  1617 | D:3      | Found a burning altar of Makhleb.
  1619 | D:3      | Reached skill level 5 in Shields
  1711 | D:3      | Reached XP level 5. HP: 47/47 MP: 4/4
  1724 | D:3      | Found a white marble altar of Elyvilon.
  2182 | D:3      | Noticed Crazy Yiuf
  2187 | D:3      | Killed Crazy Yiuf
  2454 | D:3      | Reached skill level 5 in Maces & Flails
  2455 | D:3      | Reached * piety under Trog
  2509 | D:4      | Noticed an ogre
  2545 | D:3      | Killed an ogre
  2545 | D:3      | Reached XP level 6. HP: 50/53 MP: 5/5
  2571 | D:3      | Gained mutation: You possess an exceptional clarity of mind. [potion of mutation]
  2571 | D:3      | Gained mutation: You expend magic power (3 MP) to strengthen your wands. [potion of mutation]
  2571 | D:3      | Gained mutation: Your muscles are strong. (Str +2) [potion of mutation]
  2578 | D:3      | Upgraded the game from 0.20-a0-464-g526fb3c to 0.20-a0-792-g09bcfd3
  2907 | D:4      | Reached skill level 6 in Maces & Flails
  3443 | D:5      | Entered Level 5 of the Dungeon
  3446 | D:5      | Noticed Menkaure
  3447 | D:5      | Reached XP level 7. HP: 60/60 MP: 6/6
  3452 | D:5      | Killed Menkaure
  3452 | D:5      | Reached skill level 5 in Armour
  3601 | D:5      | Got a scintillating tin ring
  3603 | D:5      | Lost intelligence.
  3603 | D:5      | Identified the ring of Fun {*Tele +Inv rPois rF+ Int-5} (You found it on level 5 of the Dungeon)
  3764 | D:5      | Found a shattered altar of Ashenzari.
  3785 | D:5      | Reached skill level 5 in Fighting
  3792 | D:5      | Reached skill level 7 in Maces & Flails
  4177 | D:6      | Noticed Eustachio
  4184 | D:6      | Noticed Edmund
  4198 | D:6      | Killed Edmund
  4230 | D:6      | Killed Eustachio
  4230 | D:6      | Reached skill level 8 in Maces & Flails
  4230 | D:6      | Reached XP level 8. HP: 59/68 MP: 7/7
  4335 | D:6      | Noticed Grinder
  4347 | D:6      | Killed Grinder
  4800 | D:6      | Reached ** piety under Trog
  4816 | D:6      | Reached skill level 9 in Maces & Flails
  4939 | D:7      | Got a smoking amber ring
  4999 | D:7      | Found Ehauph's Gadget Boutique.
  5046 | D:7      | Found a flagged portal.
  5059 | Bailey   | Entered a bailey
  5110 | Bailey   | Found a bloodstained altar of Trog.
  5122 | Bailey   | Reached XP level 9. HP: 60/75 MP: 8/8
  5138 | Bailey   | Got a crude chain mail
  5149 | Bailey   | Identified the +8 chain mail of the Gate {*Contam rElec Int+4 Stlth+} (You found it in a bailey)
  5157 | Bailey   | Identified the ring "Piram" {+Fly Dex+2 Slay+3} (You found it on level 7 of the Dungeon)
  5277 | D:7      | Found a staircase to the Ecumenical Temple.
  5585 | D:7      | Found a glowing golden altar of the Shining One.
  5778 | D:8      | Found a sacrificial altar of Ru.
  5903 | D:8      | Found an opulent altar of Gozag.
  6011 | D:8      | Reached skill level 10 in Maces & Flails
  6185 | D:8      | Found a deep blue altar of Sif Muna.
  6220 | D:8      | Found a glowing golden altar of the Shining One.
  6229 | D:8      | Found a basalt altar of Yredelemnul.
  6287 | D:8      | Noticed an angel
  6338 | D:9      | Found a glowing silver altar of Zin.
  6357 | D:9      | Reached *** piety under Trog
  6383 | D:9      | Found an opulent altar of Gozag.
  6732 | D:9      | Reached skill level 11 in Maces & Flails
  6785 | D:9      | Noticed a two-headed ogre
  6793 | D:9      | Killed a two-headed ogre
  6793 | D:9      | Reached XP level 10. HP: 77/84 MP: 9/9
  6811 | D:9      | Found a radiant altar of Vehumet.
  6869 | D:9      | Found a shimmering altar of Xom.
  6870 | D:9      | Found a hazy altar of Hepliaklqana.
  6958 | D:9      | Noticed Gastronok
  6989 | D:9      | Reached skill level 10 in Shields
  7004 | D:9      | HP: 4/84 [Gastronok/the air (23)]
  7019 | D:9      | Killed Gastronok
  7019 | D:9      | Reached skill level 12 in Maces & Flails
  7402 | D:9      | Noticed a two-headed ogre
  7407 | D:9      | Killed a two-headed ogre
  7620 | D:9      | Reached **** piety under Trog
  7620 | D:9      | Reached skill level 13 in Maces & Flails
  7691 | D:10     | Entered Level 10 of the Dungeon
  7697 | D:10     | Reached XP level 11. HP: 92/94 MP: 10/10
  7722 | D:10     | Noticed Nergalle
  7725 | D:10     | Noticed Urug
  7733 | D:10     | Killed Nergalle
  7747 | D:10     | Killed Urug
  8110 | D:10     | Noticed Josephine
  8113 | D:10     | Reached ***** piety under Trog
  8122 | D:10     | Killed Josephine
  8122 | D:10     | Reached skill level 14 in Maces & Flails
  8494 | D:10     | Found a sacrificial altar of Ru.
  8720 | D:11     | Got a faintly glowing turquoise ring
  8812 | D:11     | Received a gift from Trog
  9438 | D:11     | Found a staircase to the Lair.
  9476 | D:11     | Found a glowing silver altar of Zin.
  9925 | D:11     | Noticed a two-headed ogre
  9931 | D:11     | Killed a two-headed ogre
  9931 | D:11     | Reached XP level 12. HP: 105/106 MP: 11/11
 10035 | D:11     | Found a staircase to the Orcish Mines.
 10088 | Orc:1    | Entered Level 1 of the Orcish Mines
 10088 | Orc:1    | Noticed a two-headed ogre
 10099 | Orc:1    | Killed a two-headed ogre
 10158 | Orc:1    | Identified the ring of Daisies {rElec rPois rF+ rC+} (You found it on level 11 of the Dungeon)
 10331 | Orc:2    | Entered Level 2 of the Orcish Mines
 10608 | Orc:2    | Found a staircase to the Elven Halls.
 10616 | Orc:2    | Reached skill level 15 in Maces & Flails
 10642 | Elf:1    | Entered Level 1 of the Elven Halls
 10689 | Orc:2    | Reached ****** piety under Trog
 10943 | Orc:2    | Reached skill level 10 in Fighting
 10995 | Orc:2    | Noticed a two-headed ogre
 10995 | Orc:2    | Noticed a two-headed ogre
 10995 | Orc:2    | Noticed a two-headed ogre
 10995 | Orc:2    | Noticed an ogre mage
 10996 | Orc:2    | Noticed a two-headed ogre
 10996 | Orc:2    | Found Edghomis's Antique Armour Shoppe.
 10996 | Orc:2    | Found Biulliv's Gadget Shop.
 10996 | Orc:2    | Noticed a two-headed ogre
 10996 | Orc:2    | Noticed an ogre mage
 10996 | Orc:2    | Noticed an ogre mage
 10997 | Orc:2    | Noticed a two-headed ogre
 10997 | Orc:2    | Noticed an ogre mage
 10997 | Orc:2    | Noticed a two-headed ogre
 10998 | Orc:2    | Noticed a two-headed ogre
 11010 | Orc:2    | Killed a two-headed ogre
 11010 | Orc:2    | Reached skill level 10 in Armour
 11015 | Orc:2    | Noticed a two-headed ogre
 11018 | Orc:2    | Killed a two-headed ogre
 11020 | Orc:2    | Killed a two-headed ogre
 11022 | Orc:2    | Killed a two-headed ogre
 11024 | Orc:2    | Killed a two-headed ogre
 11026 | Orc:2    | Killed an ogre mage
 11026 | Orc:2    | Received a gift from Trog
 11475 | Orc:1    | Killed an ogre mage
 11569 | Orc:1    | Killed an ogre mage
 11571 | Orc:1    | Killed a two-headed ogre
 11719 | Orc:1    | Killed an ogre mage
 11719 | Orc:1    | Reached skill level 16 in Maces & Flails
 11948 | Orc:2    | Noticed a two-headed ogre
 11953 | Orc:2    | Noticed a two-headed ogre
 11956 | Orc:2    | Killed a two-headed ogre
 11956 | Orc:2    | Reached XP level 13. HP: 116/116 MP: 12/12
 11998 | Orc:2    | Found Maxoiphu's Food Boutique.
 11998 | Orc:2    | Found Ufuuvoq's Book Shoppe.
 12881 | Lair:1   | Entered Level 1 of the Lair of Beasts
 13057 | Lair:1   | Received a gift from Trog
 13064 | Lair:1   | Got a transparent dagger {god gift}
 13082 | Lair:1   | Reached skill level 15 in Shields
 13550 | Lair:2   | Found a dark tunnel.
 13634 | Lair:2   | Noticed MetaCosm's ghost (novice TrBe)
 13646 | Lair:2   | Killed MetaCosm's ghost
 15197 | Lair:4   | Reached skill level 17 in Maces & Flails
 15199 | Lair:4   | Found a staircase to the Snake Pit.
 15430 | Lair:4   | Found a labyrinth entrance.
 15521 | Lair:4   | Found a glowing silver altar of Zin.
 15561 | Lair:4   | Noticed Kirke
 15592 | Lair:4   | HP: 4/119 [harpy[Kirke] (4)]
 15592 | Lair:4   | Mangled by a hog

Vault maps used:
D:1:      dpeg_arrival_brainrot
D:2:      kennysheep_big_flooded_room, marbit_many_paths
D:3:      lightli_temple_of_fire, overflow_temple_1_default, first_bread,
          st_stairs_1, minmay_crystal_room, nicolae_dithmenos_shadow_blocks,
          uniq_crazy_yiuf_cottage
D:5:      basic_altar, uniq_menkaure
D:6:      uniq_eustachio, uniq_edmund, uniq_grinder
D:7:      minmay_temple_entry_glassed_door, serial_shops, shop, enter_bailey_3,
          nicolae_tso_swordbearing_angel
D:8:      grunt_temple_overflow_holy_war, lemuel_blue_sif_altar,
          lemuel_doored_altar, basic_altar
D:9:      regret_index_temple_of_mockery, vehumet_statue, kennysheep_little_box,
          basic_altar, blue_anna_alchemist, grunt_decor_mini_mirrors,
          uniq_gastronok
D:10:     nicolae_ru_awakened_eye, uniq_josephine, uniq_nergalle, uniq_urug
D:11:     erik_lair_orcish_takeover, orc_0_dummy, basic_altar, special_room
Lair:1:   minivault_19, minmay_lair_oklob_chamber, grunt_megastairs_4
Lair:2:   nicolae_volcano_entry_two_sided, st_stairs_3
Lair:3:   beast_lair_carwin_7
Lair:4:   minmay_swamp_entry_worms, minmay_snake_entry_guardpost_medium,
          lab_entry_generic, basic_altar, uniq_kirke
Orc:1:    mines3_lemuel
Orc:2:    st_orc_ogre_mass
Elf:1:    minmay_elf_arrival_plus, minmay_elf_sorcery, minivault_14,
          wad_floor_pattern_1
Bailey:   bailey_axe_3, bailey

Skill      XL: |  1  2  3  4  5  6  7  8  9 10 11 12 13 |
---------------+----------------------------------------+-----
Shields        | 4 5 6 7 8 9 11 12 14 15 | 15.7
Fighting       | 4 5 6 8 9 11 12 | 12.5
Maces & Flails | 3 4 5 6 8 9 11 13 14 16 17 | 17.0
Armour         | 4 5 7 8 9 10 11 | 11.8

Action                   |  1- 3 |  4- 6 |  7- 9 | 10-12 | 13-15 || total
-------------------------+-------+-------+-------+-------+-------++-------
Melee: Flail             |   139 |   126 |    71 |       |       ||   336
       Headbutt          |    19 |    22 |    37 |   122 |    64 ||   264
       Mace              |       |       |    53 |       |       ||    53
       Morningstar       |       |       |   139 |   507 |   295 ||   941
       Unarmed           |       |       |       |       |     3 ||     3
  Use: Scroll            |       |     7 |     6 |     9 |     2 ||    24
       Potion            |       |     5 |       |    14 |       ||    19
  Eat: Bread ration      |     1 |     1 |     2 |     1 |       ||     5
       Royal jelly       |       |     1 |     1 |       |       ||     2
       Fruit             |       |       |       |    12 |     6 ||    18
       Chunk             |       |       |       |     1 |       ||     1
       Meat ration       |       |       |       |       |     1 ||     1
Armor: Scale mail        |    59 |    47 |    38 |       |       ||   144
       Chain mail        |       |       |    71 |   175 |    84 ||   330
Dodge: Dodged            |    38 |    35 |    73 |   100 |    59 ||   305
Block: Shield            |    65 |    75 |   254 |   479 |   207 ||  1080
       Reflection        |       |       |    37 |    22 |     8 ||    67
       Other             |       |       |       |       |     1 ||     1
